NYP
VANCOUVER CANADIANS @ CONNECTICUT TIGERS
06/18/2048
 
TOP OF THE 1ST
Vancouver Canadians batting - Pitching for Connecticut Tigers : LHP Pete Zamarron
Pitching: LHP Pete Zamarron
Batting: RHB Kennet Strijbis 0-0: Ground out 5-3 (Groundball, 56, EV 90.6 MPH)
Batting: RHB Carlos Renteria 0-0: Called Strike
0-1: Ball
1-1: Ball
2-1: Swinging Strike
2-2: Foul Ball, location: 2F
2-2: Foul Ball, location: 2F
2-2: Ball
3-2: Strikes out swinging
Batting: RHB Paul Healy 0-0: Swinging Strike
0-1: Foul Ball, location: 2F
0-2: Fly out, F2 (Popup, 2R, EV 95.0 MPH)
Top of the 1st over - 0 runs, 0 hits, 0 errors, 0 left on base; Vancouver 0 - Connecticut 0
BOTTOM OF THE 1ST
Connecticut Tigers batting - Pitching for Vancouver Canadians : RHP John York
Pitching: RHP John York
Batting: RHB Janne Vihko 0-0: Swinging Strike
0-1: Ball
1-1: Ball
2-1: Ball
3-1: Swinging Strike
3-2: SINGLE (Groundball, 56D, EV 96.2 MPH)
Batting: RHB Khalil Coleman 0-0: Called Strike
0-1: Ball
1-1: Ball
2-1: Swinging Strike
2-2: Strikes out swinging
Batting: RHB Jaden Warrior 0-0: Swinging Strike
0-1: Called Strike
0-2: Ball
1-2: Foul Ball, location: 2F
1-2: Ball
2-2: Ball
3-2: Foul Ball, location: 2F
3-2: Strikes out looking
Janne Vihko is caught stealing 2nd base 2-4
Batter strikes out.
Bottom of the 1st over - 0 runs, 1 hit, 0 errors, 0 left on base; Vancouver 0 - Connecticut 0
TOP OF THE 2ND
Vancouver Canadians batting - Pitching for Connecticut Tigers : LHP Pete Zamarron
Batting: RHB Nikita Schram 0-0: Ball
1-0: Foul Ball, location: 2F
1-1: SINGLE (Groundball, 6D, EV 96.2 MPH)
Batting: RHB George King Pickoff Play to 1st, Runner tries for 2nd, OUT after rundown.
0-0: Ball
1-0: Swinging Strike
1-1: Ball
2-1: Called Strike
2-2: Ball
3-2: Base on Balls
Batting: RHB Brian Manson 0-0: Ball
1-0: Ball
2-0: Ball
3-0: Base on Balls
George King to second
Batting: RHB Elliot Manfredini 0-0: Ball
1-0: Ball
2-0: Foul Ball, location: 2F
2-1: Ball
3-1: Called Strike
3-2: Strikes out looking
Batting: RHB Ricky Carbajal 0-0: Called Strike
0-1: Ball
1-1: Ball
2-1: Foul Ball, location: 2F
2-2: Ball
Wild Pitch!
George King to third
Brian Manson to second
3-2: Foul Ball, location: 2F
3-2: Fly out, F7 (Flyball, 7, EV 78.1 MPH)
Top of the 2nd over - 0 runs, 1 hit, 0 errors, 2 left on base; Vancouver 0 - Connecticut 0
BOTTOM OF THE 2ND
Connecticut Tigers batting - Pitching for Vancouver Canadians : RHP John York
Batting: LHB Afanasy Zasekin 0-0: Foul Ball, location: 2F
0-1: Ball
1-1: SINGLE (Flyball, 8LS, EV 98.8 MPH)
Batting: RHB Jeremiah Washington 0-0: Grounds into double play, 6-4-3 (Groundball, 6, EV 79.4 MPH)
Batting: RHB Juan Acero 0-0: Ball
1-0: Ball
2-0: Fly out, F7 (Flyball, 7S, EV 82.5 MPH)
Bottom of the 2nd over - 0 runs, 1 hit, 0 errors, 0 left on base; Vancouver 0 - Connecticut 0
TOP OF THE 3RD
Vancouver Canadians batting - Pitching for Connecticut Tigers : LHP Pete Zamarron
Batting: RHB Luis Vargas 0-0: Foul Ball, location: 2F
0-1: Ground out 4-3 (Groundball, 4S, EV 87.5 MPH)
Batting: RHB Kennet Strijbis 0-0: SINGLE (Line Drive, 5D, EV 104.4 MPH)
Batting: RHB Carlos Renteria 0-0: Swinging Strike
0-1: Called Strike
Kennet Strijbis steals 2nd base
0-2: Ground out 5-3 (Groundball, 56S, EV 61.9 MPH)
Kennet Strijbis to third
Batting: RHB Paul Healy 0-0: Foul Ball, location: 2F
0-1: Ball
Wild Pitch!
Kennet Strijbis scores
1-1: Foul Ball, location: 2F
1-2: Strikes out swinging
Top of the 3rd over - 1 run, 1 hit, 0 errors, 0 left on base; Vancouver 1 - Connecticut 0
BOTTOM OF THE 3RD
Connecticut Tigers batting - Pitching for Vancouver Canadians : RHP John York
Batting: SHB Ian Arlotta 0-0: Ball
1-0: Swinging Strike
1-1: Swinging Strike
1-2: Ball
2-2: Strikes out swinging
Batting: RHB Kaleb Yerger 0-0: Foul Ball, location: 2F
0-1: Ball
1-1: Fly out, F8 (Line Drive, 8LM, EV 96.2 MPH)
Batting: RHB Yankel Pensak 0-0: Ball
1-0: Called Strike
1-1: Ball
2-1: Foul Ball, location: 2F
2-2: Strikes out looking
Bottom of the 3rd over - 0 runs, 0 hits, 0 errors, 0 left on base; Vancouver 1 - Connecticut 0
TOP OF THE 4TH
Vancouver Canadians batting - Pitching for Connecticut Tigers : LHP Pete Zamarron
Batting: RHB Nikita Schram 0-0: SINGLE (Groundball, 56D, EV 103.1 MPH) (infield hit)
Batting: RHB George King 0-0: Ball
Nikita Schram steals 2nd base
1-0: Ball
2-0: Fly out, F7 (Flyball, 7D, EV 85.6 MPH)
Batting: RHB Brian Manson 0-0: Ball
1-0: Ball
2-0: Ball
3-0: Called Strike
3-1: Foul Ball, location: 2F
3-2: Ground out 1-3 (Groundball, 34S, EV 66.9 MPH)
Nikita Schram to third
Batting: RHB Elliot Manfredini 0-0: Ball
1-0: Ball
2-0: Ball
3-0: Base on Balls
Batting: RHB Ricky Carbajal 0-0: Ball
1-0: Called Strike
1-1: Swinging Strike
1-2: Ball
2-2: Ball
3-2: Strikes out looking
Top of the 4th over - 0 runs, 1 hit, 0 errors, 2 left on base; Vancouver 1 - Connecticut 0
BOTTOM OF THE 4TH
Connecticut Tigers batting - Pitching for Vancouver Canadians : RHP John York
Batting: RHB Janne Vihko 0-0: SINGLE (Line Drive, 56, EV 94.4 MPH)
Batting: RHB Khalil Coleman 0-0: Ball
1-0: Called Strike
1-1: Ball
2-1: Ball
3-1: Foul Ball, location: 2F
3-2: Fly out, F8 (Flyball, 8RD, EV 108.8 MPH)
Batting: RHB Jaden Warrior 0-0: Called Strike
0-1: Fielders Choice at 2nd, 4-6 (Groundball, 4, EV 93.1 MPH)
Batting: LHB Afanasy Zasekin 0-0: Ball
1-0: Ball
2-0: Ball
3-0: Called Strike
3-1: Swinging Strike
3-2: Foul Ball, location: 2F
3-2: Foul Ball, location: 2F
3-2: Strikes out looking
Bottom of the 4th over - 0 runs, 1 hit, 0 errors, 1 left on base; Vancouver 1 - Connecticut 0
TOP OF THE 5TH
Vancouver Canadians batting - Pitching for Connecticut Tigers : LHP Pete Zamarron
Batting: RHB Luis Vargas 0-0: Foul Ball, location: 2F
0-1: Ball
1-1: Foul Ball, location: 2F
1-2: Ball
2-2: Strikes out swinging
Batting: RHB Kennet Strijbis 0-0: Called Strike
0-1: Ball
1-1: DOUBLE (Flyball, 78D, EV 109.4 MPH)
Batting: RHB Carlos Renteria 0-0: Ball
1-0: Fly out, F6 (Line Drive, 6, EV 70.0 MPH)
Batting: RHB Paul Healy 0-0: Ball
1-0: Called Strike
1-1: Foul Ball, location: 2F
1-2: Ball
2-2: Fly out, F7 (Flyball, 7S, EV 79.4 MPH)
Top of the 5th over - 0 runs, 1 hit, 0 errors, 1 left on base; Vancouver 1 - Connecticut 0
BOTTOM OF THE 5TH
Connecticut Tigers batting - Pitching for Vancouver Canadians : RHP John York
Batting: RHB Jeremiah Washington 0-0: Called Strike
0-1: Ball
1-1: Foul Ball, location: 2F
1-2: Foul Ball, location: 2F
1-2: Ball
2-2: Strikes out swinging
Batting: RHB Juan Acero 0-0: Called Strike
0-1: Swinging Strike
0-2: Strikes out swinging
Batting: SHB Ian Arlotta 0-0: Foul Ball, location: 2F
0-1: Fly out, F8 (Flyball, 8LD, EV 83.1 MPH)
Bottom of the 5th over - 0 runs, 0 hits, 0 errors, 0 left on base; Vancouver 1 - Connecticut 0
TOP OF THE 6TH
Vancouver Canadians batting - Pitching for Connecticut Tigers : LHP Pete Zamarron
Batting: RHB Nikita Schram 0-0: Foul Ball, location: 2F
0-1: Called Strike
0-2: Ball
1-2: Fly out, F9 (Line Drive, 9, EV 86.2 MPH)
Batting: RHB George King 0-0: Ball
1-0: Called Strike
1-1: Ball
2-1: Reached on error, E1 (Groundball, 15S, EV 71.2 MPH)
Batting: RHB Brian Manson 0-0: Ball
1-0: Ball
2-0: Foul Ball, location: 2F
2-1: Hit by Pitch
George King to second
Batting: RHB Elliot Manfredini 0-0: Ball
1-0: Swinging Strike
1-1: Swinging Strike
1-2: Ball
2-2: Strikes out swinging
Batting: RHB Ricky Carbajal 0-0: Called Strike
0-1: Foul Ball, location: 2F
0-2: Ball
1-2: SINGLE (Line Drive, 5D, EV 107.5 MPH)
George King to third
Brian Manson to second
Runner from 3rd tries for Home, SAFE, throw by LF to home
Pitching: RHP Larry Mathieu
Batting: RHB Luis Vargas 0-0: Called Strike
0-1: Ball
1-1: Foul Ball, location: 2F
1-2: Foul Ball, location: 2F
1-2: Hit by Pitch
Brian Manson to third
Ricky Carbajal to second
Batting: RHB Kennet Strijbis 0-0: Called Strike
0-1: Swinging Strike
0-2: Foul Ball, location: 2F
0-2: Strikes out swinging
Top of the 6th over - 1 run, 1 hit, 1 error, 3 left on base; Vancouver 2 - Connecticut 0
BOTTOM OF THE 6TH
Connecticut Tigers batting - Pitching for Vancouver Canadians : RHP John York
Batting: RHB Kaleb Yerger 0-0: Swinging Strike
0-1: Swinging Strike
0-2: Strikes out swinging
Batting: RHB Yankel Pensak 0-0: Called Strike
0-1: Ball
1-1: Ball
2-1: Swinging Strike
2-2: Strikes out looking
Batting: RHB Janne Vihko 0-0: Ball
1-0: SINGLE (Groundball, 4D, EV 105.0 MPH)
Batting: RHB Khalil Coleman 0-0: Called Strike
0-1: Ball
1-1: Hit by Pitch
Janne Vihko to second
Batting: RHB Jaden Warrior 0-0: Ball
1-0: Called Strike
1-1: Called Strike
1-2: Foul Ball, location: 2F
1-2: Foul Ball, location: 2F
1-2: Ball
2-2: SINGLE (Flyball, 56D, EV 91.9 MPH)
Janne Vihko to third
Khalil Coleman to second
Runner from 3rd tries for Home, SAFE, throw by LF to home
Batting: LHB Afanasy Zasekin 0-0: Swinging Strike
0-1: Called Strike
0-2: Ball
1-2: Fly out, F5 (Popup, 15, EV 78.8 MPH)
Bottom of the 6th over - 1 run, 2 hits, 0 errors, 2 left on base; Vancouver 2 - Connecticut 1
TOP OF THE 7TH
Vancouver Canadians batting - Pitching for Connecticut Tigers : RHP Larry Mathieu
Batting: RHB Carlos Renteria 0-0: Called Strike
0-1: Ball
1-1: Foul Ball, location: 2F
1-2: Ground out 4-3 (Groundball, 34, EV 86.2 MPH)
Batting: RHB Paul Healy 0-0: Called Strike
0-1: Called Strike
0-2: Ball
1-2: Foul Ball, location: 2F
1-2: DOUBLE (Line Drive, 5D, EV 95.0 MPH)
Batting: RHB Nikita Schram 0-0: Ball
1-0: Ball
2-0: Swinging Strike
2-1: Ball
3-1: Swinging Strike
3-2: Strikes out looking
Batting: RHB George King 0-0: Intentional Walk
Pitching: RHP Ramiro Silva
Pinch Runner at 2nd Roald Jacobs:
Batting: RHB Brian Manson 0-0: Ball
1-0: Foul Ball, location: 2F
1-1: Called Strike
1-2: Fly out, F8 (Flyball, 89D, EV 94.4 MPH)
Top of the 7th over - 0 runs, 1 hit, 0 errors, 2 left on base; Vancouver 2 - Connecticut 1
BOTTOM OF THE 7TH
Connecticut Tigers batting - Pitching for Vancouver Canadians : RHP John York
Now in LF: Roald Jacobs
Batting: RHB Jeremiah Washington 0-0: Swinging Strike
0-1: Ball
1-1: Called Strike
1-2: Ball
2-2: Foul Ball, location: 2F
2-2: Ball
3-2: Fly out, F9 (Flyball, 9D, EV 100.0 MPH)
Batting: RHB Juan Acero 0-0: Called Strike
0-1: Foul Ball, location: 2F
0-2: Ball
1-2: Fly out, F7 (Line Drive, 7, EV 92.5 MPH)
Batting: SHB Ian Arlotta 0-0: Ball
1-0: SINGLE (Groundball, 6M, EV 101.9 MPH) (infield hit)
Pitching: RHP Dave August
Pinch Hitting: LHB Antonio Luis 0-0: Ball
1-0: Called Strike
1-1: Foul Ball, location: 2F
1-2: Ball
2-2: Fly out, F8 (Flyball, 8RD, EV 79.4 MPH)
Bottom of the 7th over - 0 runs, 1 hit, 0 errors, 1 left on base; Vancouver 2 - Connecticut 1
TOP OF THE 8TH
Vancouver Canadians batting - Pitching for Connecticut Tigers : RHP Ramiro Silva
Pitching: LHP Victor Villarreal
Now in LF: Antonio Luis
Batting: RHB Elliot Manfredini 0-0: Ball
1-0: Called Strike
1-1: SINGLE (Groundball, 56D, EV 101.2 MPH) (infield hit)
Batting: RHB Ricky Carbajal 0-0: Bunted foul
0-1: Sac Bunt to 5S - play at first, batter OUT! 5-3
Elliot Manfredini to second
Batting: RHB Luis Vargas 0-0: Ball
1-0: Called Strike
1-1: Ball
2-1: Ball
Passed Ball!
Elliot Manfredini to third
3-1: Foul Ball, location: 2F
3-2: Foul Ball, location: 2F
3-2: Strikes out swinging
Batting: RHB Kennet Strijbis 0-0: Intentional Walk
Batting: RHB Carlos Renteria 0-0: Called Strike
0-1: Ball
1-1: Ball
2-1: Ball
3-1: Base on Balls
Kennet Strijbis to second
Pinch Hitting: RHB Norm Mercer 0-0: Ball
1-0: Ball
2-0: Called Strike
2-1: Foul Ball, location: 2F
2-2: Foul Ball, location: 2F
2-2: Ball
3-2: Base on Balls
Elliot Manfredini scores
Kennet Strijbis to third
Carlos Renteria to second
Batting: RHB Nikita Schram 0-0: Ball
1-0: Foul Ball, location: 2F
1-1: Ball
2-1: Ball
3-1: Called Strike
3-2: Foul Ball, location: 2F
3-2: Ground out 6-3 (Groundball, 6, EV 90.6 MPH)
Top of the 8th over - 1 run, 1 hit, 0 errors, 3 left on base; Vancouver 3 - Connecticut 1
BOTTOM OF THE 8TH
Connecticut Tigers batting - Pitching for Vancouver Canadians : RHP Dave August
Now in LF: Dan Hilyer
Batting: RHB Yankel Pensak 0-0: Fly out, F8 (Flyball, 89M, EV 88.8 MPH)
Batting: RHB Janne Vihko 0-0: Ball
1-0: Foul Ball, location: 2F
1-1: Called Strike
1-2: Foul Ball, location: 2F
1-2: Foul Ball, location: 2F
1-2: Ball
2-2: Strikes out swinging
Batting: RHB Khalil Coleman 0-0: Ground out 4-3 (Groundball, 4, EV 106.2 MPH)
Bottom of the 8th over - 0 runs, 0 hits, 0 errors, 0 left on base; Vancouver 3 - Connecticut 1
TOP OF THE 9TH
Vancouver Canadians batting - Pitching for Connecticut Tigers : LHP Victor Villarreal
Batting: RHB George King 0-0: Called Strike
0-1: Ball
1-1: Foul Ball, location: 2F
1-2: Ball
2-2: Ball
3-2: Fly out, F8 (Flyball, 78D, EV 88.8 MPH)
Batting: RHB Brian Manson 0-0: Ball
1-0: Ball
2-0: Ball
3-0: Called Strike
3-1: Base on Balls
Pitching: RHP Juan Murillo
Batting: RHB Elliot Manfredini 0-0: Called Strike
Brian Manson is caught stealing 2nd base 2-4
0-1: Ball
1-1: Swinging Strike
1-2: Strikes out looking
Top of the 9th over - 0 runs, 0 hits, 0 errors, 0 left on base; Vancouver 3 - Connecticut 1
BOTTOM OF THE 9TH
Connecticut Tigers batting - Pitching for Vancouver Canadians : RHP Dave August
Pitching: RHP Josh Long
Batting: RHB Jaden Warrior 0-0: SINGLE (Flyball, 3D, EV 94.4 MPH)
Batting: LHB Afanasy Zasekin 0-0: Ball
1-0: Ball
2-0: SINGLE (Groundball, 4D, EV 101.9 MPH)
Jaden Warrior to second
Batting: RHB Jeremiah Washington 0-0: Called Strike
0-1: Ball
1-1: Swinging Strike
1-2: Foul Ball, location: 2F
1-2: SINGLE (Line Drive, 8RS, EV 92.5 MPH)
Jaden Warrior to third
Afanasy Zasekin to second
Batting: RHB Juan Acero 0-0: Ball
1-0: Foul Ball, location: 2F
1-1: Swinging Strike
1-2: SINGLE (Line Drive, 9S, EV 98.1 MPH)
Jaden Warrior scores
Afanasy Zasekin to third
Jeremiah Washington to second
Batting: SHB Ian Arlotta 0-0: Swinging Strike
0-1: Swinging Strike
0-2: Hit by Pitch
Afanasy Zasekin scores
Jeremiah Washington to third
Juan Acero to second
Batting: LHB Antonio Luis 0-0: Ball
1-0: Ball
2-0: SINGLE (Groundball, 13S, EV 69.4 MPH) (infield hit)
Jeremiah Washington scores
Bottom of the 9th over - 3 runs, 5 hits, 0 errors, 2 left on base; Vancouver 3 - Connecticut 4
Tuesday, March 28th , 2023 - OOTP Baseball 23.10 Build 110